 Dungeon Crawl Stone Soup version 0.26-a0-778-g3fe0686644 (webtiles) character file.

Game seed: 7713319152946410015

3947 felt the Frost Mage (level 10, -12/108 HPs)
             Began as a Barachi Ice Elementalist on Nov 10, 2020.
             Was a Believer of Cheibriados.
             Mangled by a death knight
             ... wielding a +0 great sword
              (23 damage)
             ... on level 8 of the Dungeon.
             The game lasted 00:23:07 (8449 turns).

felt the Frost Mage (Barachi Ice Elementalist)      Turns: 8449, Time: 00:23:09

Health: -12/108    AC: 25    Str: 14    XL:     10   Next: 21%
Magic:  14/14      EV:  2    Int: 22    God:    Cheibriados [**....]
Gold:   419        SH:  0    Dex: 23    Spells: 7/15 levels left

rFire    + . .     SeeInvis .   a - +2 flail (drain)
rCold    + + .     Faith    .   (no shield)
rNeg     + + +     Spirit   .   (armour currently unavailable)
rPois    +         Reflect  .   (helmet currently unavailable)
rElec    +         Harm     .   (cloak currently unavailable)
rCorr    +         Rampage  .   (gloves currently unavailable)
MR       .....     NoTele   +   (boots currently unavailable)
Stlth    ++........             G - amulet of magic regeneration
HPRegen  0.28/turn              H - ring of protection from cold
MPRegen  0.39/turn              I - +6 ring of dexterity

@: tree-form, resistant, frozen ramparts, very slow
A: +LOS, swims, frail 1, mutation resistance 1, MP-powered wands
a: Bend Time, Renounce Religion


You were on level 8 of the Dungeon.
You worshipped Cheibriados.
Cheibriados was pleased with you.
You were a tree.
You visited 2 branches of the dungeon, and saw 9 of its levels.

You collected 419 gold pieces.

Inventory:

Hand Weapons
 a - a +2 flail of draining (weapon)
 b - a +3 dagger
Missiles
 q - 23 poisoned darts (quivered)
Armour
 B - a +0 ring mail (melded)
 E - a +0 pair of gloves (melded)
Magical Staves
 c - an uncursed staff of poison
 d - an uncursed staff of earth
Jewellery
 G - an amulet of magic regeneration (around neck)
 H - a ring of protection from cold (left branch)
 I - a +6 ring of dexterity (right branch)
 J - an uncursed ring of protection from fire
Wands
 s - a wand of polymorph (6)
 u - a wand of iceblast (7)
 A - a wand of digging (4)
Scrolls
 f - 5 scrolls of teleportation
 h - 3 scrolls of remove curse
 i - 4 scrolls of identify
 k - a scroll of amnesia {unknown}
 m - a scroll of magic mapping
 n - a scroll of fog {unknown}
 t - a scroll of torment {unknown}
 w - a scroll of fear {unknown}
 y - a scroll of holy word {unknown}
 z - a scroll of immolation {unknown}
Potions
 e - a potion of lignification
 j - 2 potions of might
 o - a potion of resistance
 p - 2 potions of curing
 r - 2 potions of brilliance
 v - 3 potions of flight


   Skills:
 * Level 8.1 Fighting
 + Level 5.4 Staves
 - Level 5.0 Armour
 - Level 5.0 Dodging
 - Level 1.7 Stealth
 - Level 3.0 Spellcasting
 - Level 7.0 Conjurations
 - Level 9.0 Ice Magic
 - Level 3.0 Invocations


You had 7 spell levels left.
You knew the following spells:

 Your Spells              Type           Power        Failure   Level
a - Freeze                Ice            ####         1%          1
b - Frozen Ramparts       Ice            #####.       1%          3
c - Hailstorm             Conj/Ice       #####...     4%          4

Your spell library contained the following spells:

 Spells                   Type           Power        Failure   Level
 Ozocubu's Armour         Ice            #####...     1%          3
 Foxfire                  Conj/Fire      ###.         3%          1
 Conjure Flame            Conj/Fire      ###.....     9%          3
 Summon Ice Beast         Ice/Summ       ###.....     19%         4
 Sticky Flame             Conj/Fire      ###.....     28%         4
 Inner Flame              Hex/Fire       #.......     36%         3
 Fireball                 Conj/Fire      ###.......   63%         5


Dungeon Overview and Level Annotations

Branches:
Dungeon (8/15)             Temple (1/1) D:6
   Lair: D:8-11

Altars:
Ashenzari
Cheibriados
Dithmenos
Elyvilon
Fedhas
Gozag
Hepliaklqana
Kikubaaqudgha
Makhleb
Okawaru
Qazlal
Trog
Uskayaw
Vehumet
Wu Jian
Yredelemnul
Zin

Shops:
D:5 }[   D:6 }(}

Annotations:
D:5 3 runed translucent doors, zarzak's ghost, novice OpFi
D:7 exclusion: oklob plant


Innate Abilities, Weirdness & Mutations

You can be seen from farther away. (+LOS)
You can swim through water.
((You cover ground slowly.))
((You can hop short distances.))
You are frail. (-10% HP)
You are somewhat resistant to further mutation.
You expend magic power (3 MP) to strengthen your wands.


Message History

The wall freezes the manticore!
You kill the manticore!
Cheibriados appreciates the change of pace.
Your Fighting skill increases to level 8!
The wall freezes the death knight.
You hit the death knight. You drain the death knight.
The death knight is heavily wounded.
The bullfrog skeleton completely resists.
The wall freezes the bullfrog skeleton but do no damage.
The bullfrog skeleton resists.
The wall freezes the bullfrog skeleton.
The wall freezes the death knight.
The death knight hits you with a +0 great sword!
* * * LOW HITPOINT WARNING * * *
You closely miss the death knight.
The death knight is heavily wounded.
The bullfrog skeleton completely resists.
The wall freezes the bullfrog skeleton but do no damage.
The wall freezes the death knight.
The death knight hits you with a +0 great sword!!
You die...

#..#..### #.
#.##.### ####
## ..
#.#....## Z
## #..###..#
# #p
####..###..
}###
##..###..#
### ..#
#.###..# #..#
#Z# #.#..#
#...#
#p###..#
#...##
#♣#..###
#...#####..##
##.......###
#...######
#...## #...#
#..# ..## #..


You could see a death knight (drained) and a bullfrog skeleton.

Vanquished Creatures
  A two-headed ogre (D:8)
  A manticore (D:8)
  A troll (D:8)
  A hornet (D:8)
  Duvessa (D:7)
  A black bear (D:6)
  An ice beast (D:8)
  A sky beast (D:6)
  An eye of draining (D:8)
  An ogre (D:6)
  2 phantoms
  2 centaurs (D:6)
  2 bullfrogs
  A gnoll sergeant (D:5)
  Dowan (D:7)
  2 scorpions
  3 killer bees (D:7)
  A howler monkey (D:4)
  A bullfrog zombie (D:4)
  2 jellies
  A bullfrog skeleton (D:7)
  3 orc priests
  A gnoll shaman (D:4)
  5 hounds (D:5)
  6 orc wizards
  An iguana (D:8)
  5 worker ants
  2 worker ant zombies (D:6)
  19 gnolls
  A howler monkey skeleton (D:8)
  11 adders
  A shadow imp (D:6)
  2 white imps
  An ooze (D:3)
  An adder skeleton (D:4)
  3 worms
  A dart slug (D:1)
  5 leopard geckos (D:1)
  13 orcs
  5 bats
  3 giant cockroaches (D:1)
  5 goblins
  7 hobgoblins
  10 jackals
  2 quokkas
  11 frilled lizards
  9 kobolds
  9 rats
170 creatures vanquished.

Notes
Turn   | Place    | Note
-------+----------+-------------------------------------------
     0 | D:1      | felt the Barachi Ice Elementalist began the quest for the
                  | Orb.
     0 | D:1      | Reached XP level 1. HP: 13/13 MP: 3/3
    96 | D:1      | Reached skill level 1 in Armour
    96 | D:1      | Reached skill level 5 in Ice Magic
    96 | D:1      | Reached XP level 2. HP: 9/19 MP: 0/5
   608 | D:1      | Reached XP level 3. HP: 18/24 MP: 6/6
   983 | D:1      | Learned a level 3 spell: Frozen Ramparts
  1568 | D:2      | Found an ornate altar of the Wu Jian Council.
  1577 | D:2      | Reached skill level 6 in Ice Magic
  1614 | D:2      | Found a basalt altar of Yredelemnul.
  1636 | D:2      | Reached XP level 4. HP: 9/30 MP: 3/7
  1874 | D:2      | Found a hide-covered altar of Uskayaw.
  1892 | D:2      | Found a faded altar of an unknown god.
  2092 | D:2      | Found a hazy altar of Hepliaklqana.
  2512 | D:3      | Reached XP level 5. HP: 35/35 MP: 4/8
  2840 | D:3      | Reached skill level 7 in Ice Magic
  2841 | D:3      | Reached skill level 1 in Fighting
  3213 | D:3      | Found an iron altar of Okawaru.
  3504 | D:4      | Reached XP level 6. HP: 32/44 MP: 9/9
  3827 | D:4      | Learned a level 4 spell: Hailstorm
  4500 | D:5      | Entered Level 5 of the Dungeon
  4510 | D:5      | Reached XP level 7. HP: 53/53 MP: 11/11
  4572 | D:5      | Reached skill level 8 in Ice Magic
  4619 | D:5      | Found a runed translucent gate.
  4619 | D:5      | Found a runed translucent gate.
  4619 | D:5      | Found a runed translucent gate.
  4619 | D:5      | Noticed zarzak's ghost (novice OpFi)
  4752 | D:5      | Found Etzu Mome's Armour Shop.
  4807 | D:5      | Found Xesetyth's Gadget Boutique.
  5157 | D:5      | Reached skill level 5 in Fighting
  5157 | D:5      | Reached skill level 9 in Ice Magic
  5353 | D:6      | Reached XP level 8. HP: 59/62 MP: 9/12
  5412 | D:6      | Found a staircase to the Ecumenical Temple.
  5423 | Temple   | Entered the Ecumenical Temple
  5632 | Temple   | Became a worshipper of Cheibriados the Contemplative
  6426 | D:6      | Reached skill level 5 in Conjurations
  6442 | D:6      | Found Teupsykh's Antique Weapon Boutique.
  6452 | D:6      | Found Ynera's Gadget Emporium.
  6592 | D:6      | Reached * piety under Cheibriados
  6647 | D:6      | Found Beaptez's Gadget Shoppe.
  6699 | D:6      | Reached XP level 9. HP: 72/72 MP: 11/13
  6881 | D:7      | Noticed Duvessa
  6881 | D:7      | Noticed Dowan
  6885 | D:7      | Killed Dowan
  6886 | D:7      | Killed Duvessa
  6886 | D:7      | Reached skill level 5 in Armour
  7247 | D:7      | Reached skill level 1 in Invocations
  7267 | D:7      | Reached skill level 5 in Dodging
  7452 | D:7      | Found a radiant altar of Vehumet.
  7452 | D:7      | Noticed an oklob plant
  7958 | D:8      | Noticed a hornet
  7965 | D:8      | Killed a hornet
  7965 | D:8      | Reached skill level 1 in Staves
  8341 | D:8      | Reached ** piety under Cheibriados
  8431 | D:8      | Noticed a troll
  8431 | D:8      | Noticed a two-headed ogre
  8434 | D:8      | Noticed a manticore
  8435 | D:8      | Killed a two-headed ogre
  8435 | D:8      | Reached XP level 10. HP: 27/79 MP: 11/14
  8435 | D:8      | Noticed a death knight
  8440 | D:8      | Gained mutation: You are frail. (-10% HP) [potion of
                  | mutation]
  8440 | D:8      | Gained mutation: You expend magic power (3 MP) to
                  | strengthen your wands. [potion of mutation]
  8440 | D:8      | Gained mutation: You are somewhat resistant to further
                  | mutation. [potion of mutation]
  8443 | D:8      | Reached skill level 5 in Staves
  8447 | D:8      | Killed a manticore
  8449 | D:8      | Mangled by a death knight

Illustrated notes

Levels and vault maps discovered:
D:1:      dpeg_chamrin_arrival_tetris, layout_basic
D:2:      layout_loops_ring, lemuel_coloured_pillars_altar,
          eat_drink_and_be_merry_uskayaw, old_standard_altar,
          yredelemnul_altar_generic, chequers_ecumenical_altar_island
D:3:      layout_basic, hangedman_feature_mirror, okawaru_altar_gauntlet_db
D:4:      layout_loops_corners
D:5:      layout_cave_pools, serial_gnoll_camp, gnoll_camp_mini_shop,
          gnoll_camp_mini_hut, gnoll_camp_mini_shop, gnoll_camp_mini_hut,
          gnoll_camp_mini_doghouse, ebering_ghost_rock_garden
D:6:      layout_cave_pods, minmay_temple_entry_antechambers, serial_shops,
          nicolae_shop_stone, shop_statue, shop, hangedman_decor_lopped
D:7:      layout_loops_corners, serial_co_window_serial, co_window_paths_a,
          co_window_of_opportunity_a, co_window_paths_a, co_window_corner_a,
          co_window_corner_a, co_window_corner_a, co_window_paths_a,
          co_window_cross_4, co_window_corner_b, co_window_corner_ca,
          co_window_2corner, glass_columns_a, skrybe_limestone_x,
          lemuel_oklob_altar, uniq_duvessa
D:8:      minmay_the_grid_triangle_9x9_recursive_2
          [minmay_the_grid_triangle_9x9_prize_center,
          minmay_the_grid_triangle_9x9_sprig,
          minmay_the_grid_triangle_9x9_alien,
          minmay_the_grid_triangle_9x9_longest], layout_basic, lair_entry_dummy
Temple:   nicolae_temple_figure_eight

Skill      XL: |  1  2  3  4  5  6  7  8  9 10 |
---------------+-------------------------------+-----
Armour         | 1 2 3 4 5 |  5.0
Ice Magic      | 5 6 7 9 |  9.0
Fighting       | 1 3 5 7 8 |  8.1
Dodging        | 3 5 |  5.0
Spellcasting   | 3 |  3.0
Conjurations   | 5 7 |  7.0
Invocations    | 3 |  3.0
Staves         | 4 5 |  5.4
Stealth        | |  1.7

Action                   |  1- 3 |  4- 6 |  7- 9 | 10-12 || total
-------------------------+-------+-------+-------+-------++-------
Melee: Unarmed           |     1 |       |       |       ||     1
       Halberd           |    45 |       |       |       ||    45
       Dagger            |   123 |    68 |       |       ||   191
       Flail             |       |   111 |   169 |     6 ||   286
Throw: Dart              |     2 |       |       |     1 ||     3
 Cast: Freeze            |    17 |    11 |       |       ||    28
       Frozen Ramparts   |       |    10 |    27 |     1 ||    38
  Use: Scroll            |       |     3 |     5 |       ||     8
       Potion            |       |       |     4 |     5 ||     9
 Stab: Distracted        |     1 |     1 |       |       ||     2
Armor: Ring mail         |    63 |    78 |    55 |     2 ||   198
       Skin              |       |       |       |    17 ||    17
Dodge: Dodged            |    92 |   103 |   135 |     2 ||   332

Table legend: (Time is in decaauts)
 A = Elapsed time spent in this place.
 B = Non-inter-level travel time spent in this place.
 C = Inter-level travel time spent in this place.
 D = Time resting spent in this place.
 E = Time spent auto-exploring this place.
 F = Levels seen in this place.
 G = Mean time per level.
                   A        B        C        D        E       F      G
               +--------+--------+--------+--------+--------+-----+--------+
         Total |  10336 |  10030 |    306 |   2438 |   5969 |   9 | 1148.4 |
       Dungeon |  10061 |   9813 |    248 |   2438 |   5754 |   8 | 1257.6 |
        Temple |    275 |    218 |     57 |      0 |    215 |   1 |  275.0 |
               +--------+--------+--------+--------+--------+-----+--------+

Top non-repeatable levels by time:
     D:7: 1700 daAuts
     D:6: 1681 daAuts
     D:1: 1647 daAuts
     D:3: 1229 daAuts
     D:4: 1195 daAuts
     D:2: 1000 daAuts
     D:5: 951 daAuts
     D:8: 655 daAuts
  Temple: 275 daAuts
